 Dungeon Crawl Stone Soup version 0.29.1-15-g9cfb28693d (webtiles) character file.

Game seed: 8350209980105146664

19 viagra the Chiller (level 2, -1/21 HPs)
             Began as a Merfolk Wanderer on Mar 8, 2023.
             Slain by an orc priest
             ... wielding a +0 hand axe
              (2 damage)
             ... on level 2 of the Dungeon.
             The game lasted 00:06:34 (882 turns).

viagra the Chiller (Merfolk Wanderer)                Turns: 882, Time: 00:06:35

Health: -1/21      AC:  8    Str: 13    XL:     2   Next: 75%
Magic:  2/3        EV:  5    Int:  9    God:
Gold:   19         SH:  4    Dex: 14    Spells: 2/3 levels left

rFire   . . .      SeeInvis .   a - +0 spear
rCold   . . .      Faith    .   b - +0 buckler
rNeg    . . .      Spirit   .   g - +0 chain mail
rPois   .          Reflect  .   (no helmet)
rElec   .          Harm     .   (no cloak)
rCorr   .          Rampage  .   (no gloves)
Will    .....                   (no boots)
Stlth   ..........              (no amulet)
HPRegen 0.07/turn               (no ring)
MPRegen 0.08/turn               (no ring)

@: brilliant
A: (nimble swimmer 2), mertail
a: no special abilities


You were on level 2 of the Dungeon.
You visited 1 branch of the dungeon, and saw 2 of its levels.

You collected 19 gold pieces.

Inventory:

Hand Weapons
 a - a +0 spear (weapon)
Missiles
 e - 3 javelins
Armour
 b - a +0 buckler (worn)
 d - a +0 leather armour
 g - a +0 chain mail (worn)
Scrolls
 c - 2 scrolls of vulnerability
Potions
 h - a potion of heal wounds


   Skills:
 + Level 1.2 Fighting
 + Level 1.3 Polearms
 + Level 1.1 Armour
 + Level 1.3 Dodging
 + Level 1.0 Shields
 + Level 1.0 Spellcasting
 + Level 5.1 Ice Magic


You had 2 spell levels left.
You knew the following spells:

 Your Spells              Type           Power      Damage    Failure   Level
a - Freeze                Ice            56%        1d7       91%         1

Your spell library contained the following spells:

 Spells                   Type           Power      Damage    Failure   Level
 Blink                    Tloc           0%         N/A       100%        2
 Lesser Beckoning         Tloc           0%         N/A       100%        3
 Hailstorm                Conj/Ice       7%         3d4       100%        4
 Summon Ice Beast         Ice/Summ       7%         N/A       100%        4
 Manifold Assault         Tloc           0%         N/A       100%        5


Dungeon Overview and Level Annotations

Branches:
Dungeon (2/15)

Altars:


Innate Abilities, Weirdness & Mutations

((You are very nimble when in or above water. (Stealth+, EV+, Speed+++)))
Your lower body shifts to a powerful aquatic tail in water.


Message History

Confirm with . or Enter, or press ? or * to list all spells.
You don't know that spell.
Casting: Freeze (safe; 91% risk of failure)
Confirm with . or Enter, or press ? or * to list all spells.
Aiming: Freeze (safe; 91% risk of failure)
Press: ? - help, Shift-Dir - straight line, f - orc priest
Aim: an orc priest, wielding a +0 hand axe You miscast Freeze.
You are very lightly contaminated with residual magic.
Nothing appears to happen.
The orc priest hits you but does no damage.
The orc hits you with a +0 hand axe.
It was a potion of brilliance.
You feel clever all of a sudden.
The orc priest hits you but does no damage.
The orc hits you with a +0 hand axe.
It was a potion of heal wounds.
You feel much better. The orc hits you with a +0 flail.
The orc barely misses you.
The orc priest hits you but does no damage.
You hit the orc priest but do no damage.
The orc hits you but does no damage.
The orc priest hits you but does no damage.
You hit the orc priest.
The orc priest is moderately wounded.
You block the orc's attack.
The orc priest hits you with a +0 hand axe.
You block the orc's attack. The orc hits you but does no damage.
You barely miss the orc. The orc hits you with a +0 hand axe.
The orc priest invokes the aid of Beogh against you.
Pain shoots through your body! The orc closely misses you.
The orc hits you with a +0 flail.
* * * LOW HITPOINT WARNING * * *
You barely miss the orc. You block the orc priest's attack.
The orc closely misses you. The orc hits you with a +0 short sword.
* * * LOW HITPOINT WARNING * * *
You block the orc's attack.
Your magical contamination has completely faded away.
You barely miss the orc.
The orc priest hits you with a +0 hand axe.
You die...

###
#♣♣♣♣♣♣8♣♣♣♣♣♣####
.................#
#♣♣♣♣♣♣8♣♣♣♣♣♣##.#
####
##########.#######
...# ......#....$...
...# ......#S.....##
#### ..!..##oo....##
...#
#+#....o@oo.....
...#
#.#.#+######....
...#
#..<............
...######.......###.
...
...+........).......
..
...#######......###.
.#####..........#
................#
................#


You could see an orc priest, an adder and 4 orcs.

Vanquished Creatures
  A worm (D:2)
  An endoplasm (D:1)
  2 giant cockroaches (D:2)
  3 goblins
  3 hobgoblins
  A kobold (D:1)
  2 bats
  A frilled lizard (D:1)
14 creatures vanquished.

Notes
Turn   | Place    | Note
-------+----------+-------------------------------------------
     0 | D:1      | viagra the Merfolk Wanderer began the quest for the Orb.
     0 | D:1      | viagra set off with the following items: a +0 spear, a +0
                  | buckler, a scroll of vulnerability, a +0 leather armour;
                  | and the following spell memorised: Freeze; and the
                  | following spells available to memorise: Hailstorm, Summon
                  | Ice Beast.
     0 | D:1      | Reached XP level 1. HP: 15/15 MP: 2/2
   280 | D:1      | Reached XP level 2. HP: 15/21 MP: 3/3
   438 | D:2      | Reached skill level 5 in Ice Magic
   881 | D:2      | HP: 1/21 [orc/+0 short sword (2)]
   882 | D:2      | Slain by an orc priest

Illustrated notes

Levels and vault maps discovered:
D:1:      dreamdust_arrival_beginning_and_end, layout_basic,
          ebering_ecumenical_altar_sacrificial
D:2:      minmay_chambers_of_ones, layout_basic, dreamdust_princess_corridor,
          hangedman_feature_mirror

Skill      XL: |  1  2 |
---------------+-------+-----
Ice Magic      | 5 |  5.1
Fighting       | |  1.2
Polearms       | |  1.3
Armour         | |  1.1
Dodging        | |  1.3
Shields        | |  1.0
Spellcasting   | |  1.0

Action                   || total
-------------------------++-------
Melee: Spear             ||    65
 Cast: Freeze            ||     1
  Use: Potion            ||     3
       Scroll            ||     1
Armor: Chain mail        ||    46
Dodge: Dodged            ||    14
Block: Buckler           ||    14
